 Dungeon Crawl Stone Soup version 0.28.0-53-g5a82cb258f (webtiles) character file.

Game seed: 827636636567659516

237731 KrombopulosMichael the Tortoise (level 20, -16/174 HPs)
             Began as a Formicid Abyssal Knight on July 12, 2022.
             Was the Champion of Lugonu.
             Killed by the raging water
             ... invoked by a water nymph
              (40 damage)
             ... on level 1 of the Shoals on July 25, 2022.
             The game lasted 02:30:34 (36894 turns).

KrombopulosMichael the Tortoise (FoAK)             Turns: 36894, Time: 02:30:34

Health: -16/174    AC: 37    Str: 24    XL:     20   Next: 49%
Magic:  22/29      EV: 14    Int: 11    God:    Lugonu [******]
Gold:   484        SH: 28    Dex: 23    Spells: 6/19 levels left

rFire   + . .      SeeInvis +   X - +8 lajatang (distort)
rCold   + + .      Faith    .   l - +0 tower shield
rNeg    . . .      Spirit   .   K - +0 crystal plate armour of Muac {rPois Dex+4 Slay+2 Stlth+}
rPois   +          Reflect  +   (helmet unavailable)
rElec   +          Harm     .   y - scarf {rC+ rF+}
rCorr   .          Rampage  .   z - +1 pair of gloves {infuse}
Will    ++...                   T - +2 pair of boots
Stlth   ..........              V - amulet of reflection
HPRegen 1.19/turn               d - ring of the Gloaming {rElec Will- AC+4 Str+4 Slay+2 Stlth+}
MPRegen 0.21/turn               R - ring "Omakiext" {rPois rC+ Will+}

@: very slow
A: permanent stasis, dig shafts and tunnels, antennae 3, four strong arms,
talons 1, agile 1, regeneration 1, no potion heal 1
}: 1/15 runes: gossamer
a: Dig, Shaft Self, Renounce Religion, Depart the Abyss, Bend Space, Banish,
Corrupt, Enter the Abyss


You were on level 1 of the Shoals.
You worshipped Lugonu.
Lugonu was exalted by your worship.
You visited 7 branches of the dungeon, and saw 32 of its levels.
You visited the Abyss 5 times.
You visited 1 bazaar.
You also visited: Ossuary, Bailey and Ice Cave.

You collected 3593 gold pieces.
You spent 3109 gold pieces at shops.

Inventory:

Hand Weapons
 X - a +8 lajatang of distortion (weapon)
Missiles
 x - 37 boomerangs (quivered)
Armour
 l - a +0 tower shield (worn)
 y - a scarf of resistance (worn)
 z - a +1 pair of gloves of infusion (worn)
 A - a +1 pair of boots of flying
 K - the +0 crystal plate armour of Muac (worn) {rPois Dex+4 Slay+2 Stlth+}
   (You acquired it on level 12 of the Dungeon)

   Dex:       It affects your dexterity (+4).
   Slay:      It affects your accuracy & damage with ranged weapons and melee
   (+2).
   rPois:     It protects you from poison.
   Stlth:     It makes you more stealthy.
 T - a +2 pair of boots (worn)
Jewellery
 b - the ring "Epragosu" {Ice rPois}
   (You took it off a reaper in an ice cave)

   [ring of ice]

   It enhances your ice magic.
   rF:        It makes you vulnerable to fire.
   rC:        It protects you from cold.
   rPois:     It protects you from poison.
 d - the ring of the Gloaming (left hand) {rElec Will- AC+4 Str+4 Slay+2 Stlth+}
   (You acquired it on level 4 of the Dungeon)

   [ring of protection]

   AC:        It affects your AC (+4).
   Str:       It affects your strength (+4).
   Slay:      It affects your accuracy & damage with ranged weapons and melee
   (+2).
   rElec:     It insulates you from electricity.
   Will:      It decreases your willpower.
   Stlth:     It makes you more stealthy.
 h - an amulet of magic regeneration
 p - a ring of positive energy
 q - a ring of resist corrosion
 P - a +4 ring of protection
 R - the ring "Omakiext" (right hand) {rPois rC+ Will+}
   (You found it on level 14 of the Dungeon)

   [ring of willpower]

   rC:        It protects you from cold.
   rPois:     It protects you from poison.
   Will:      It increases your willpower.
 V - an amulet of reflection (around neck)
 Y - the ring of Tiogios {rC+ Int+4 Dex-3}
   (You took it off a deep elf demonologist on level 3 of the Elven Halls)

   [ring of protection from cold]

   Int:       It affects your intelligence (+4).
   Dex:       It affects your dexterity (-3).
   rC:        It protects you from cold.
Wands
 k - a wand of acid (3)
 u - a wand of flame (23)
 B - a wand of iceblast (10)
 C - a wand of paralysis (7)
 L - a wand of digging (10)
 Q - a wand of charming (14)
Scrolls
 j - 4 scrolls of torment
 n - 3 scrolls of fog
 o - a scroll of fear
 v - 2 scrolls of holy word
 w - 4 scrolls of immolation
 H - 2 scrolls of amnesia
 I - 2 scrolls of silence
 S - a scroll of magic mapping
 U - a scroll of brand weapon
 W - a scroll of enchant armour
 Z - a scroll of enchant weapon
Potions
 c - 4 potions of ambrosia
 e - 5 potions of flight
 f - 4 potions of magic
 g - 2 potions of heal wounds
 i - 2 potions of resistance
 s - 5 potions of brilliance
 t - 19 potions of curing
 D - 5 potions of mutation
 E - 3 potions of cancellation
 J - 3 potions of lignification
 N - 3 potions of invisibility
Miscellaneous
 F - a lightning rod (inert)
 G - a condenser vane (inert)
 M - a phial of floods (inert)
 O - a tin of tremorstones (inert)


   Skills:
 + Level 19.3 Fighting
 - Level 3.0(7.2) Polearms
 * Level 10.3(10.5) Staves
 + Level 4.3 Throwing
 * Level 20.5 Armour
 + Level 16.4 Dodging
 + Level 4.8 Stealth
 + Level 18.5 Shields
 + Level 12.7 Invocations
 + Level 6.9 Evocations


You had 6 spell levels left.
You knew the following spells:

 Your Spells              Type           Power      Damage    Failure   Level
a - Passage of Golubria   Tloc           0%         N/A       100%        4
b - Silence               Hex/Air        0%         N/A       100%        5
c - Airstrike             Air            0%         N/A       100%        4

Your spell library contained the following spells:

 Spells                   Type           Power      Damage    Failure   Level
 Apportation              Tloc           0%         N/A       100%        1
 Freeze                   Ice            0%         1d3       100%        1
 Magic Dart               Conj           0%         1d3       100%        1
 Sting                    Tmut/Pois      0%         1d3       100%        1
 Summon Small Mammal      Summ           0%         N/A       100%        1
 Call Imp                 Summ           0%         N/A       100%        2
 Ensorcelled Hibernation  Hex/Ice        0%         N/A       100%        2
 Passwall                 Tmut/Erth      0%         N/A       100%        2
 Poisonous Vapours        Pois/Air       0%         N/A       100%        2
 Scorch                   Fire           0%         2d5       100%        2
 Sublimation of Blood     Necr           0%         N/A       100%        2
 Wereblood                Tmut           0%         N/A       100%        2
 Frozen Ramparts          Ice            0%         1d2       100%        3
 Mephitic Cloud           Conj/Pois/Air  0%         N/A       100%        3
 Tukima's Dance           Hex            0%         N/A       100%        3
 Vampiric Draining        Necr           0%         2d6       100%        3
 Anguish                  Hex/Necr       0%         N/A       100%        4
 Flame Wave               Conj/Fire      0%         2d4       100%        4
 Hailstorm                Conj/Ice       0%         3d3       100%        4
 Ice Form                 Ice/Tmut       0%         N/A       100%        4
 Leda's Liquefaction      Hex/Erth       0%         N/A       100%        4
 Olgreb's Toxic Radiance  Pois           0%         N/A       100%        4
 Summon Ice Beast         Ice/Summ       0%         N/A       100%        4
 Summon Lightning Spire   Summ/Air       0%         N/A       100%        4
 Alistair's Intoxication  Tmut/Pois      0%         N/A       100%        5
 Borgnjor's Vile Clutch   Necr/Erth      0%         N/A       100%        5
 Freezing Cloud           Conj/Ice/Air   0%         6-21      100%        5
 Lee's Rapid Deconstruct  Erth           0%         3d5*      100%        5
 Lightning Bolt           Conj/Air       0%         1d11      100%        5
 Summon Forest            Summ/Tloc      0%         N/A       100%        5
 Summon Mana Viper        Hex/Summ       0%         N/A       100%        5
 Yara's Violent Unravell  Hex/Tmut       0%         3d3       100%        5
 Eringya's Noxious Bog    Tmut/Pois      0%         N/A       100%        6
 Simulacrum               Ice/Necr       0%         N/A       100%        6
 Statue Form              Tmut/Erth      0%         N/A       100%        6
 Summon Cactus Giant      Summ           0%         N/A       100%        6
 Enfeeble                 Hex            0%         N/A       100%        7
 Malign Gateway           Summ/Tloc      0%         N/A       100%        7
 Summon Hydra             Summ           0%         N/A       100%        7
 Borgnjor's Revivificati  Necr           0%         N/A       100%        8
 Lehudib's Crystal Spear  Conj/Erth      0%         10d2      100%        8
 Necromutation            Tmut/Necr      0%         N/A       100%        8
 Death's Door             Necr           0%         N/A       100%        9
 Polar Vortex             Ice            0%         N/A       100%        9
 Swiftness                Air            Unusable   N/A       N/A         3

Dungeon Overview and Level Annotations

Branches:
Dungeon (15/15)            Temple (1/1) D:6            Lair (6/6) D:11
 Shoals (1/4) Lair:3       Spider (4/4) Lair:4        Slime (0/5) Lair:6
    Orc (2/2) D:12            Elf (3/3) Orc:2        Vaults (0/5) D:14
 Depths (0/4) D:15        Ossuary (visited)          Bailey (visited)
  IceCv (visited)

Altars:
Cheibriados
Dithmenos
Fedhas
Hepliaklqana
Kikubaaqudgha
Makhleb
Nemelex Xobeh
Okawaru
Qazlal
Ru
Sif Muna
Trog
Uskayaw
Vehumet
Wu Jian
Yredelemnul
Zin
The Shining One
Beogh
Jiyva

Shops:
D:4 *   D:5 :   D:7 *   Orc:2 (=[!   Elf:1 [[=   Elf:2 ::=   Elf:3 :([

Annotations:
Elf:2 1 runed translucent door


Innate Abilities, Weirdness & Mutations

You cannot be hasted, slowed, berserked, paralysed or teleported.
You can dig through walls and to a lower floor.
You have a pair of large antennae on your head. (SInv)
Your four strong arms can wield two-handed weapons with a shield.
You have sharp toenails.
You are agile. (Dex +2)
Your natural rate of healing is unusually fast.
Potions are less effective at restoring your health.


Message History

Aiming: Corrosive Bolt
Press: ? - help, Shift-Dir - straight line, f - merfolk
Aim: a merfolk, wielding a +0 trident and quivering boomerangs (water, heavily wounded, 67% to hit)
The bolt of acid misses the water nymph.
The bolt of acid hits the merfolk!
The merfolk is severely wounded.
The alligator snapping turtle closely misses you.
The water nymph points at you and mumbles some strange words.
The water swirls and strikes you.
* * * LOW HITPOINT WARNING * * *
You block the merfolk's attack.
Unknown command.
Unknown command.
Unknown command.
You hit the water nymph.
Space warps around the water nymph.
The water nymph is almost dead.
You block the water nymph's attack.
You block the alligator snapping turtle's attack.
You block the merfolk's attack.
Unknown command.
Unknown command.
Your unstable footing causes you to fumble your attack.
The water nymph points at you and mumbles some strange words.
The water swirls and strikes you!!
* * * LOW HITPOINT WARNING * * *
You block the merfolk's attack.
You block the alligator snapping turtle's attack.
Unknown command.
Unknown command.
Your system partially rejects the healing.
You feel much better. The water nymph touches you. The water nymph drowns you!
* * * LOW HITPOINT WARNING * * *
The merfolk completely misses you.
The alligator snapping turtle closely misses you.
Press: ? - help, Shift-Dir - straight line, f/p - merfolk
Aim: a merfolk, wielding a +0 trident and quivering boomerangs (water, severely wounded, chance to affect: 75%)
The water nymph resists with almost no effort.
The water nymph points at you and mumbles some strange words.
The water swirls and strikes you!!!
You die...

≈m≈≈≈≈≈≈≈≈≈≈≈≈≈≈
..≈≈≈≈≈≈≈..≈..≈≈
..≈≈≈≈≈≈≈.......
#≈≈≈≈≈≈≈≈≈..#
#.≈≈≈≈≈≈≈≈..#
##.≈≈≈≈≈≈≈≈..##
..≈≈).≈≈≈t....#
≈≈≈≈≈.))...≈.##
≈≈≈≈≈...≈mm@##
≈≈≈≈.≈≈≈≈≈.≈#
≈≈≈≈.≈≈≈≈≈..#
≈≈≈≈≈≈≈≈≈≈..#
..≈≈≈≈≈≈≈≈≈..
..≈≈≈≈≈..≈≈≈..
≈≈≈≈≈.≈≈≈≈≈≈≈
≈≈≈≈≈≈≈≈≈≈


You could see an alligator snapping turtle, a merfolk and a water nymph.

Vanquished Creatures
  3 deep elf blademasters
  4 deep elf master archers (Elf:3)
  A kraken (Abyss:3)
  Agnes (Elf:1)
  Kirke (D:15)
  Roxanne (D:15)
  An orc warlord (Orc:2)
  3 deep elf sorcerers
  Louise (Spider:1)
  8 emperor scorpions
  3 ghost moths
  5 deep elf elementalists
  A broodmother (Spider:2)
  A reaper (IceCv)
  7 deep elf demonologists
  Nessos (Lair:5)
  4 deep elf annihilators
  2 spark wasps
  An ettin (Orc:1)
  3 deep elf death magi
  Josephine (D:11)
  A yaktaur captain (D:15)
  4 deep elf high priests (Elf:3)
  5 hydras
  A vault guard (D:14)
  10 boulder beetles
  3 catoblepae (Lair:6)
  Erica (Orc:1)
  A radroach (Spider:3)
  A merfolk avatar (Shoals:1)
  An ogre mage (D:15)
  5 centaur warriors
  A two-headed ogre (D:9)
  29 dancing weapons
  12 death yaks
  2 tengu warriors
  An orc high priest (Orc:2)
  A storm dragon zombie (D:15)
  18 deep elf knights
  A skeletal warrior (D:15)
  3 pharaoh ants
  A storm dragon skeleton (D:15)
  2 sea snakes (Shoals:1)
  7 orb spiders
  A flayed ghost (D:15)
  6 steelbarb worms
  A golden dragon skeleton (D:15)
  A wizard (D:14)
  7 deep elf archers
  34 deep elf pyromancers
  An orc sorcerer (Orc:2)
  27 deep elf zephyrmancers
  A necromancer (D:15)
  2 orc knights
  2 fauns (Shoals:1)
  The ghost of Soldner the Chopper, a novice HuBe of Trog (D:5)
  4 oklob plants (Lair:3)
  13 wolf spiders
  7 slime creatures
  6 cyclopes
  22 ugly things
  4 manticores
  2 merfolk sirens
  A stone giant skeleton (D:15)
  A torpor snail (Spider:3)
  11 elephants
  2 moths of wrath
  A water nymph (Shoals:1)
  2 ice statues (IceCv)
  Joseph (D:7)
  A gargoyle (D:7)
  8 black mambas
  13 cane toads
  A smoke demon (Abyss:2)
  2 unseen horrors
  6 demonic crawlers
  4 rime drakes
  A kobold demonologist (D:13)
  2 freezing wraiths
  2 efreet
  4 komodo dragons
  8 yaktaurs (D:15)
  Maggie (D:9)
  A guardian mummy (D:15)
  An anaconda simulacrum (IceCv)
  3 tengu conjurers
  An entropy weaver simulacrum (IceCv)
  5 ice devils (IceCv)
  A troll (shapeshifter) (D:15)
  12 meliai
  2 polar bears
  5 trolls
  A wind drake (Shoals:1)
  14 dream sheep
  19 tarantellas
  A merfolk (Shoals:1)
  2 hornets
  A tarantella (shapeshifter) (D:14)
  16 blink frogs
  20 culicivoras
  24 jumping spiders
  A water elemental (Elf:2)
  2 shadows
  6 wraiths
  A ynoxinul (Abyss:2)
  2 air elementals
  3 wyverns
  5 basilisks
  A fire bat (Abyss:3)
  A hog (D:15)
  3 chaos spawn (Abyss:3)
  Grum (D:11)
  54 redbacks
  30 yaks
  4 fire elementals
  3 steam dragons
  5 vampire mosquitoes
  4 wargs
  A harpy simulacrum (IceCv)
  4 acid dragons
  16 water moccasins
  Duvessa (D:7)
  2 small abominations (Abyss:2)
  A hornet zombie (D:7)
  A swamp drake (Orc:2)
  A large abomination (Abyss:2)
  45 orc warriors
  An ice beast (D:7)
  A sky beast (D:7)
  2 black bears
  A necrophage (D:6)
  6 ogres
  3 boggarts (D:15)
  10 centaurs
  29 wolves
  2 elf zombies (Ossuary)
  3 kobold brigands
  11 bullfrogs
  A wyvern zombie (D:5)
  A gnoll sergeant (D:7)
  3 two-headed ogre simulacra (IceCv)
  2 cane toad simulacra (IceCv)
  2 earth elementals (Elf:1)
  A wyvern skeleton (D:7)
  A hornet simulacrum (D:14)
  Dowan (D:7)
  2 elephant simulacra (IceCv)
  12 killer bees
  12 wights
  3 howler monkeys
  3 electric eels
  A crimson imp (Orc:2)
  4 centaur zombies
  3 bullfrog zombies
  A gnoll shaman (D:7)
  A quasit (Abyss:2)
  2 iron imps
  20 orc priests
  A human zombie (Ossuary)
  3 centaur skeletons
  5 hounds
  3 jellies
  2 bullfrog skeletons
  2 iguanas
  26 orc wizards
  A scorpion zombie (D:5)
  5 troll simulacra (IceCv)
  A wolf simulacrum (IceCv)
  4 spriggan simulacra (IceCv)
  2 killer bee zombies
  4 hound zombies (Ossuary)
  3 howler monkey zombies
  3 mummies (Ossuary)
  A howler monkey skeleton (D:6)
  10 gnolls
  A naga simulacrum (IceCv)
  3 adders
  A shadow imp (Orc:2)
  A white imp (Orc:2)
  An ufetubus (D:3)
  4 adder zombies (Ossuary)
  2 worms
  125 orcs
  4 bats
  11 endoplasms
  3 giant cockroaches
  18 goblins
  15 hobgoblins
  3 jackals (D:1)
  5 quokkas
  5 ball pythons
  2 frilled lizards (D:1)
  2 gnoll zombies (Ossuary)
  A goblin zombie (Ossuary)
  6 hobgoblin zombies (Ossuary)
  2 jackal zombies (Ossuary)
  36 kobolds
  7 kobold zombies (Ossuary)
  2 orc zombies (Ossuary)
  A quokka zombie (Ossuary)
  2 rats
  3 rat zombies (Ossuary)
  2 tentacles (Abyss:3)
1194 creatures vanquished.

Vanquished Creatures (collateral kills)
  An orc warlord (Bailey)
  A deep elf sorcerer (Elf:3)
  2 deep elf elementalists (Elf:3)
  A deep elf annihilator (Elf:3)
  A tarantella (Spider:3)
  A dream sheep (Lair:6)
  A wraith (D:11)
8 creatures vanquished.

Vanquished Creatures (others)
  An ogre mage (Abyss:3)
  4 deep elf knights
  5 deep elf pyromancers
  2 wolf spiders (Spider:3)
  2 deep elf zephyrmancers (Elf:2)
  A black mamba (Lair:6)
  3 jumping spiders (Spider:2)
  A water elemental (Elf:3)
  A basilisk (Lair:5)
  2 orc priests
  2 orcs
  22 fungi
  69 plants
  4 starspawn tentacles (Abyss:1)
  5 tentacles (Abyss:3)
  7 withered plants (D:15)
131 creatures vanquished.

Grand Total: 1333 creatures vanquished

Notes
Turn   | Place    | Note
-------+----------+-------------------------------------------
     0 | Abyss:1  | KrombopulosMichael the Formicid Abyssal Knight began the
                  | quest for the Orb.
     0 | Abyss:1  | Reached XP level 1. HP: 18/18 MP: 2/2
    43 | Abyss:1  | Noticed a tentacled starspawn
    75 | Abyss:1  | Noticed a hell hog
    78 | Abyss:1  | Noticed a ynoxinul
    81 | D:1      | Escaped the Abyss
   523 | D:1      | Reached XP level 2. HP: 25/25 MP: 3/3
   532 | D:1      | Learned a level 1 spell: Freeze
   554 | D:1      | Reached * piety under Lugonu
   739 | D:1      | Reached XP level 3. HP: 21/30 MP: 4/4
   774 | D:1      | Reached skill level 1 in Dodging
  1353 | D:1      | Found a faded altar of an unknown god.
  1746 | D:2      | Reached XP level 4. HP: 37/37 MP: 5/5
  1985 | D:3      | Reached ** piety under Lugonu
  2190 | D:3      | Reached skill level 3 in Armour
  2745 | D:4      | Gained mutation: You are weak. (Str -2) [potion of
                  | mutation]
  2771 | D:4      | Identified 3 scrolls of acquirement
  2771 | D:4      | Acquired a manual of Dodging
  2776 | D:4      | Acquired the ring of the Gloaming {rElec Will- AC+4 Str+4
                  | Slay+2 Stlth+}
  2785 | D:4      | Acquired a manual of Armour
  2888 | D:5      | Entered Level 5 of the Dungeon
  2888 | D:5      | Found Xaka's Book Shop.
  2889 | D:5      | Noticed a water moccasin
  2905 | D:5      | Killed a water moccasin
  2906 | D:5      | Reached skill level 5 in Armour
  2906 | D:5      | Reached XP level 5. HP: 25/43 MP: 6/6
  2906 | D:5      | Reached XP level 6. HP: 29/49 MP: 7/7
  3193 | D:4      | Found Goxtusm's General Store.
  3196 | D:4      | Bought a potion of heal wounds for 50 gold pieces
  3388 | D:4      | Reached skill level 6 in Armour
  3650 | D:5      | Lost mutation: You are weak. (Str -2) [potion of mutation]
  3650 | D:5      | Gained mutation: You are robust. (+10% HP) [potion of
                  | mutation]
  3650 | D:5      | Lost mutation: You are robust. (+10% HP) [potion of
                  | mutation]
  3650 | D:5      | Gained mutation: Your natural rate of healing is unusually
                  | fast. [potion of mutation]
  3650 | D:5      | Gained mutation: You have sharp toenails. [potion of
                  | mutation]
  3689 | D:5      | Noticed an ogre
  3693 | D:5      | Killed an ogre
  3694 | D:5      | Reached skill level 5 in Fighting
  3694 | D:5      | Reached skill level 7 in Armour
  3694 | D:5      | Reached XP level 7. HP: 44/56 MP: 8/8
  3856 | D:5      | Found a runed translucent gate.
  3856 | D:5      | Found a runed translucent gate.
  3892 | D:5      | Found a runed translucent gate.
  3892 | D:5      | Noticed Soldner's ghost (novice HuBe)
  4237 | D:6      | Reached skill level 8 in Armour
  4259 | D:6      | Reached XP level 8. HP: 64/64 MP: 9/9
  4274 | D:6      | Reached skill level 9 in Armour
  4285 | D:6      | Reached *** piety under Lugonu
  4344 | D:6      | Reached skill level 10 in Armour
  4422 | D:6      | Reached skill level 11 in Armour
  4432 | D:6      | Reached XP level 9. HP: 51/71 MP: 10/10
  4440 | D:6      | Reached skill level 5 in Dodging
  4543 | D:6      | Found a sparkling altar of Nemelex Xobeh.
  4555 | D:6      | Reached skill level 12 in Armour
  4573 | D:6      | Found a staircase to the Ecumenical Temple.
  5012 | Temple   | Entered the Ecumenical Temple
  5327 | D:7      | Found a sand-covered staircase.
  5348 | Ossuary  | Entered an ossuary
  5485 | Ossuary  | Reached **** piety under Lugonu
  5708 | D:7      | Reached skill level 13 in Armour
  5747 | D:7      | Noticed a cyan ugly thing
  5766 | D:7      | Killed a cyan ugly thing
  5773 | D:7      | Reached XP level 10. HP: 58/82 MP: 11/11
  5781 | D:7      | Reached skill level 14 in Armour
  5814 | D:7      | Noticed a cyclops
  5843 | D:7      | Noticed a cyclops
  5854 | D:7      | Reached skill level 15 in Armour
  5854 | D:7      | Noticed a boulder beetle
  5863 | D:7      | Killed a cyclops
  5864 | D:7      | Reached skill level 1 in Shields
  5882 | D:7      | Killed a boulder beetle
  5883 | D:7      | Reached skill level 10 in Fighting
  5885 | D:7      | Noticed a gargoyle
  5892 | D:7      | Killed a gargoyle
  5916 | D:7      | Killed a cyclops
  5917 | D:7      | Reached skill level 16 in Armour
  5927 | D:7      | Identified the +9 falchion of Domination {drain, *Rage
                  | rElec Int+2}
  6175 | D:7      | Noticed Duvessa
  6185 | D:7      | Killed Duvessa
  6185 | D:7      | Noticed Dowan
  6186 | D:7      | Reached XP level 11. HP: 86/92 MP: 12/12
  6192 | D:7      | Killed Dowan
  6321 | D:7      | Found Hyodd's General Store.
  6331 | D:7      | Bought a wand of charming (3) for 70 gold pieces
  6352 | D:7      | Noticed Joseph
  6365 | D:7      | Killed Joseph
  6606 | D:5      | Killed Soldner's ghost
  6867 | D:8      | Reached ***** piety under Lugonu
  8223 | D:9      | Found a runed translucent door.
  8230 | D:9      | Noticed a centaur warrior
  8269 | D:9      | Noticed a two-headed ogre
  8276 | D:9      | Killed a two-headed ogre
  8284 | D:9      | Found a flagged portal.
  8365 | Bailey   | Entered a bailey
  8370 | Bailey   | Noticed an orc warlord
  8468 | Bailey   | Reached skill level 17 in Armour
  8516 | Bailey   | Found a runed translucent gate.
  8518 | Bailey   | Found a runed translucent gate.
  8520 | Bailey   | Found a runed translucent gate.
  8570 | Bailey   | Noticed an orc knight
  8597 | Bailey   | Killed an orc warlord
  8627 | Bailey   | Killed an orc knight
  8628 | Bailey   | Reached skill level 1 in Evocations
  8644 | Bailey   | Reached skill level 5 in Shields
  8644 | Bailey   | Reached XP level 12. HP: 103/103 MP: 12/15
  8762 | D:9      | Noticed Maggie
  8767 | D:9      | Killed Maggie
  9141 | D:9      | Killed a centaur warrior
  9142 | D:9      | Reached XP level 13. HP: 83/111 MP: 16/16
  9476 | D:10     | Entered Level 10 of the Dungeon
  9953 | D:10     | Found a hide-covered altar of Uskayaw.
 10430 | D:10     | Reached skill level 5 in Invocations
 10965 | D:11     | Found a blossoming altar of Fedhas.
 11112 | D:11     | Found a faded altar of an unknown god.
 11143 | D:11     | Noticed Josephine
 11172 | D:11     | Killed Josephine
 11270 | D:11     | Found a staircase to the Lair.
 11272 | D:11     | Noticed Grum
 11352 | D:11     | Killed Grum
 11557 | D:12     | Identified the +1 ring mail "Muezec" {Int+4}
 11617 | D:12     | Reached ****** piety under Lugonu
 11755 | D:12     | Acquired the +0 crystal plate armour of Muac {rPois Dex+4
                  | Slay+2 Stlth+}
 12141 | D:12     | Found a staircase to the Orcish Mines.
 12358 | Lair:1   | Entered Level 1 of the Lair of Beasts
 13170 | Lair:2   | Noticed a four-headed hydra
 13180 | Lair:2   | Noticed a seven-headed hydra
 13182 | Lair:2   | Killed a four-headed hydra
 13194 | Lair:2   | Killed a seven-headed hydra
 13195 | Lair:2   | Reached skill level 10 in Dodging
 13261 | Lair:2   | Identified the +11 glaive of the Distant Future {vorpal,
                  | rPois rC++ MP+9 Int-4}
 13670 | Lair:2   | Reached XP level 14. HP: 98/121 MP: 18/18
 13737 | Lair:2   | Reached skill level 18 in Armour
 14417 | Lair:3   | Reached skill level 15 in Fighting
 14789 | Lair:3   | Found a staircase to the Shoals.
 15286 | Lair:3   | Identified the +2 battleaxe "Jyq Veas" {vorpal, rElec rF++
                  | rC- Will+}
 15446 | Lair:4   | Found a frozen archway.
 15450 | IceCv    | Entered an ice cave
 16019 | IceCv    | Identified the ring "Epragosu" {Ice rPois}
 16019 | IceCv    | Noticed a reaper
 16038 | IceCv    | Killed a reaper
 16628 | Lair:4   | Reached XP level 15. HP: 87/131 MP: 21/21
 16691 | Lair:4   | Found a hole to the Spider Nest.
 16715 | Lair:4   | Reached skill level 10 in Shields
 17315 | Lair:5   | Noticed Nessos
 17376 | Lair:5   | Reached skill level 1 in Throwing
 17376 | Lair:5   | Reached skill level 5 in Evocations
 17858 | Lair:5   | Killed Nessos
 18236 | Lair:6   | Entered Level 6 of the Lair of Beasts
 18971 | D:4      | Bought a manual of Dodging for 800 gold pieces
 19263 | Lair:6   | Found a viscous altar of Jiyva.
 19265 | Lair:6   | Found a staircase to the Slime Pits.
 19802 | Lair:6   | Learned a level 4 spell: Passage of Golubria
 19808 | Lair:6   | Learned a level 5 spell: Silence
 19813 | Lair:6   | Learned a level 4 spell: Airstrike
 20213 | Orc:1    | Entered Level 1 of the Orcish Mines
 20249 | Orc:1    | Noticed Erica
 20259 | Orc:1    | Killed Erica
 20607 | Orc:2    | Entered Level 2 of the Orcish Mines
 20788 | Orc:2    | Noticed an orc warlord
 20796 | Orc:2    | Killed an orc warlord
 20888 | Orc:2    | Found Efrauh's Antique Weapon Shoppe.
 20892 | Orc:2    | Found Zuak Wug's Antique Armour Emporium.
 20935 | Orc:2    | Found a bloodstained altar of Trog.
 21116 | Orc:2    | Found a staircase to the Elven Halls.
 21316 | Orc:2    | Found Ojos Ytyl's Distillery.
 21329 | Orc:2    | Reached XP level 16. HP: 140/140 MP: 22/22
 21369 | Orc:2    | Bought a potion of might for 56 gold pieces
 21369 | Orc:2    | Bought a potion of resistance for 140 gold pieces
 21369 | Orc:2    | Bought a potion of curing for 42 gold pieces
 21369 | Orc:2    | Bought a potion of curing for 42 gold pieces
 21369 | Orc:2    | Bought 2 potions of curing for 84 gold pieces
 21750 | Orc:2    | Identified the +0 hat of the Kraken {Harm rC- Int+8 Dex-3}
 21750 | Orc:2    | Identified the +0 robe of Parlour Games {+Blink rElec Dex-2
                  | SInv}
 22039 | Orc:2    | Found Juph's Jewellery Shoppe.
 22455 | D:13     | Reached skill level 19 in Armour
 23841 | D:14     | Found a shimmering blue altar of Sif Muna.
 23864 | D:14     | Identified the ring "Omakiext" {rPois rC+ Will+}
 24513 | D:14     | Cast into level 3 of the Abyss (a wizard)
 24568 | Abyss:3  | Noticed an Executioner
 24584 | Abyss:3  | Noticed an ancient lich
 24584 | Abyss:3  | Noticed a dread lich
 24584 | Abyss:3  | Noticed a lich
 24584 | D:14     | Escaped the Abyss
 24616 | D:14     | Found a gate to the Vaults.
 24798 | D:15     | Entered Level 15 of the Dungeon
 24812 | D:15     | Reached skill level 10 in Invocations
 24846 | D:15     | Noticed Kirke
 25013 | D:15     | Found a flickering gateway to a bazaar.
 25024 | Bazaar   | Entered a bazaar
 25028 | Bazaar   | Found Utacaa's Armour Boutique.
 25063 | Bazaar   | Found Gamirare's Weapon Emporium.
 25109 | Bazaar   | Found Meotiziz's Distillery.
 25146 | Bazaar   | Found Jytrask's Antique Armour Shoppe.
 25201 | Bazaar   | Found Ylyaxz Bojom's Magic Scroll Shoppe.
 25215 | Bazaar   | Bought a pair of runed gloves for 240 gold pieces
 25255 | Bazaar   | Bought a potion of curing for 48 gold pieces
 25255 | Bazaar   | Bought a potion of heal wounds for 80 gold pieces
 25255 | Bazaar   | Bought a potion of heal wounds for 80 gold pieces
 25255 | Bazaar   | Bought 2 potions of curing for 96 gold pieces
 25255 | Bazaar   | Bought a potion of heal wounds for 80 gold pieces
 25255 | Bazaar   | Bought a potion of might for 64 gold pieces
 25255 | Bazaar   | Bought a potion of resistance for 160 gold pieces
 25255 | Bazaar   | Bought 2 potions of curing for 96 gold pieces
 25255 | Bazaar   | Bought a potion of resistance for 160 gold pieces
 25284 | Bazaar   | Bought a scroll of summoning for 133 gold pieces
 25284 | Bazaar   | Bought a scroll of fog for 28 gold pieces
 25481 | D:15     | Found a staircase to the Depths.
 25676 | D:15     | Reached XP level 17. HP: 40/149 MP: 22/24
 26309 | D:15     | Noticed Roxanne
 26504 | D:15     | Killed Roxanne
 26557 | D:15     | Found a shadowy altar of Dithmenos.
 26656 | D:15     | Noticed a sphinx
 26656 | D:15     | Killed Kirke
 26881 | Shoals:1 | Entered Level 1 of the Shoals
 26939 | Spider:1 | Entered Level 1 of the Spider Nest
 27054 | Spider:1 | Noticed Louise
 27059 | Spider:1 | Cast into level 2 of the Abyss (Louise)
 27243 | Spider:1 | Escaped the Abyss
 27294 | Spider:1 | Killed Louise
 28220 | Spider:2 | Reached skill level 15 in Shields
 29768 | Spider:2 | Reached XP level 18. HP: 84/158 MP: 21/26
 30493 | Spider:4 | Entered Level 4 of the Spider Nest
 30664 | Spider:3 | Gained mutation: Potions are less effective at restoring
                  | your health. [mutagenic glow]
 30675 | Spider:3 | Gained mutation: You sometimes lose the ability to read
                  | scrolls when taking damage. [mutagenic glow]
 30676 | Spider:3 | Lost mutation: You sometimes lose the ability to read
                  | scrolls when taking damage. [potion of mutation]
 30676 | Spider:3 | Lost mutation: You have sharp toenails. [potion of
                  | mutation]
 30676 | Spider:3 | Gained mutation: You are agile. (Dex +2) [potion of
                  | mutation]
 30676 | Spider:3 | Gained mutation: You have large cloven feet. [potion of
                  | mutation]
 30689 | Spider:3 | Lost mutation: You have large cloven feet. [mutagenic glow]
 30689 | Spider:3 | Gained mutation: You have sharp toenails. [mutagenic glow]
 31252 | Spider:4 | Reached skill level 15 in Dodging
 31517 | Spider:4 | Got a gossamer rune of Zot
 31947 | Elf:1    | Entered Level 1 of the Elven Halls
 32381 | Elf:1    | Noticed Agnes
 32400 | Elf:1    | Killed Agnes
 32409 | Elf:1    | Identified the +3 hand axe "Orb Guardian's Curse" {vorpal,
                  | Contam rC+++ Str-2 Dex+4}
 32603 | Elf:1    | Identified a +4 lajatang of distortion (a +2 lajatang of
                  | speed corrupted by Lugonu)
 32603 | Elf:1    | Received a gift from Lugonu
 32742 | Elf:1    | Reached skill level 1 in Staves
 32786 | Elf:1    | Found Niosyv's Antique Armour Shoppe.
 32870 | Elf:1    | Got the Guide on the Entourage
 32982 | Elf:1    | Found Ahic's Armour Shoppe.
 33208 | Elf:1    | Found Plog's Jewellery Shop.
 33401 | Elf:2    | Reached skill level 20 in Armour
 33449 | Elf:2    | Found Sutyos Tuce's Jewellery Shoppe.
 33449 | Elf:2    | Found Riphips's Book Boutique.
 33450 | Elf:2    | Found Alaoc's Book Boutique.
 33457 | Elf:2    | Reached XP level 19. HP: 165/166 MP: 26/28
 33832 | Elf:2    | Found a runed translucent door.
 33856 | Elf:2    | Found a runed translucent door.
 34402 | Elf:2    | Noticed a deep elf blademaster
 34415 | Elf:2    | Killed a deep elf blademaster
 34438 | Elf:2    | Reached skill level 5 in Staves
 34870 | Elf:3    | Entered Level 3 of the Elven Halls
 35157 | Elf:2    | Found a radiant altar of Vehumet.
 35178 | Elf:3    | Noticed a deep elf blademaster
 35195 | Elf:3    | Killed a deep elf blademaster
 35229 | Elf:3    | Noticed an Ice Fiend
 35301 | Elf:3    | Cast into level 3 of the Abyss (a deep elf demonologist)
 35301 | Abyss:3  | Found a corrupted altar of Lugonu.
 35341 | Elf:3    | Escaped the Abyss
 35342 | Elf:3    | Noticed an Ice Fiend
 35417 | Elf:3    | Identified the +1 leather armour of the Serpent {Str+4
                  | Int+7}
 35417 | Elf:3    | Identified the ring of Gegaige {Fire Drain rElec rN+++
                  | Str-2}
 35433 | Elf:3    | Cast into level 3 of the Abyss (a deep elf sorcerer)
 35460 | Abyss:3  | Noticed a tentacled monstrosity
 35464 | Elf:3    | Escaped the Abyss
 35567 | Elf:3    | Reached XP level 20. HP: 98/174 MP: 26/29
 35889 | Elf:3    | Identified the +0 ring mail "Biys" {rC+}
 35955 | Elf:3    | Identified the +8 shortbow of Epucw {speed, rN+ Str+5
                  | Dex-4}
 35956 | Elf:3    | Identified the +9 battleaxe of the Destroying Queen {flame,
                  | Stlth+}
 35959 | Elf:3    | Got Rucodaloy's Handbook of Stolen Souls
 35994 | Elf:3    | Got the Grimoire of Shifting Dark Arts
 36005 | Elf:3    | Identified the ring of Tiogios {rC+ Int+4 Dex-3}
 36293 | Elf:3    | Found Acit's Weapon Shoppe.
 36317 | Elf:3    | Found Finij's Distillery.
 36317 | Elf:3    | Found Fucsunn's Book Shoppe.
 36322 | Elf:3    | Found Woajebeu's Armour Emporium.
 36343 | Elf:3    | Reached skill level 10 in Staves
 36352 | Elf:3    | Bought a potion of invisibility for 160 gold pieces
 36352 | Elf:3    | Bought 2 potions of attraction for 120 gold pieces
 36352 | Elf:3    | Bought a potion of brilliance for 80 gold pieces
 36352 | Elf:3    | Bought a potion of curing for 60 gold pieces
 36352 | Elf:3    | Bought a potion of brilliance for 80 gold pieces
 36352 | Elf:3    | Bought a potion of flight for 60 gold pieces
 36894 | Shoals:1 | Killed from afar by a water nymph

Illustrated notes

Levels and vault maps discovered:
D:1:      nzn_arrival_water_spiral, layout_basic,
          chequers_ecumenical_altar_lobes
D:2:      layout_basic, minmay_distorted
D:3:      layout_basic
D:4:      layout_gridville, serial_shops, nicolae_shop_behind_doors
D:5:      layout_cave_pools, gammafunk_ghost_necromancy, nicolae_stop_n_shop_1
D:6:      layout_basic, mainiacjoe_overflow_six_doors_small, temple_pool_b,
          kennysheep_dice
D:7:      minmay_the_grid_octo_triangle [minmay_the_grid_octo_clover_2,
          minmay_the_grid_octo_prize_square_snowflake,
          minmay_the_grid_octo_focus], layout_loops_corners,
          nicolae_ossuary_entry_monument, serial_shops, nicolae_shop_crystal,
          dk_noncrumbling_3, uniq_joseph, uniq_duvessa
D:8:      layout_layer_cave, patterned_corridor
D:9:      layout_basic, enter_bailey_5, minmay_st_funbox, uniq_maggie
D:10:     layout_basic, general_overflow_altar
D:11:     layout_big_octagon, erik_lair_orcish_takeover, serial_column_ruins,
          column_ruins_temple_circle, column_ruins_corridor_water,
          column_ruins_corridor_straight, column_ruins_open_medium,
          column_ruins_open_small, column_ruins_open_large,
          fedhas_ov_isle_minmay, uniq_josephine, uniq_grum
D:12:     layout_loops_ring, david_orc_4
D:13:     layout_small_grid
D:14:     cheibrodos_orc_bank, layout_basic, david_vaults_5,
          nrook_mini_backslash, nicolae_sif_muna_condensation
D:15:     gammafunk_depths_entry_grave, layout_loops_ring, serial_shops,
          bzr_entry_safe, st_stairs_11, grunt_dithmenos_shadows, uniq_roxanne,
          uniq_kirke
Temple:   mainiacjoe_temple_cubbyholes
Lair:1:   layout_regular_city
Lair:2:   layout_hall_layers, nicolae_quartered_pool_super
Lair:3:   minmay_lair_oklob_tunnel, layout_loops_ring,
          minmay_shoals_entry_lonely_mermaid
Lair:4:   layout_roguey, dummy_spider_entry, portal_ice_cave_entry_pillars_2,
          beast_lair_carwin_1
Lair:5:   layout_regular_city, serial_bayou_pond_e, infiniplex_staircase_pool_2,
          uniq_nessos
Lair:6:   evilmike_catoblepas_cave, layout_cave_shapes, slime_altar_1
Shoals:1: layout_shoals
Spider:1: layout_spider_delve, hellmonk_watch_for_rolling_rocks, uniq_louise
Spider:2: layout_spider_delve, guppyfry_spider_mini_1
Spider:3: layout_spider_delve, nicolae_spider_moth_buddies
Spider:4: grunt_spider_rune_circles
Orc:1:    layout_caves, basic_altar, uniq_erica
Orc:2:    grunt_orc_community_town_hall, layout_diamond_mine,
          grunt_orc_community_big_house_2, grunt_orc_community_big_house_1,
          grunt_orc_community_house_3, grunt_orc_community_house_1,
          grunt_orc_community_house_3, grunt_orc_community_house_2,
          grunt_orc_community_house_3, grunt_orc_community_house_2, basic_altar,
          hangedman_minor_magic
Elf:1:    elf_arrival_001, layout_loops_corners, serial_shops,
          nicolae_shop_behind_doors, shop, nicolae_shop_waterfront,
          minmay_elf_demonology, uniq_agnes
Elf:2:    elven_hall_of_blades_hangedman_original
          [nicolae_blade_entry_splitting_headache], layout_gridlike, drop_trap,
          minivault_27, lemuel_upstairs_altar, minmay_shop_grove
Elf:3:    minmay_elf_hall_not_hex, layout_gridlike, minivault_28,
          minmay_shoptagon

Skill      XL: |  1  2  3  4  5  6  7  8  9 10 11 12 13 14 15 16 17 18 19 20 |
---------------+-------------------------------------------------------------+-----
Fighting       | 4 5 6 8 10 12 13 14 16 17 18 19 | 19.3
Dodging        | 1 2 3 4 6 7 8 10 11 12 13 14 15 16 | 16.4
Armour         | 5 7 8 11 13 16 17 18 19 20 | 20.5
Polearms       | 3 |  3.0
Shields        | 2 5 6 8 9 12 14 15 17 18 | 18.5
Evocations     | 3 4 5 6 |  6.9
Stealth        | 4 |  4.8
Invocations    | 4 6 8 9 10 11 12 | 12.7
Throwing       | 1 2 3 4 |  4.3
Staves         | 2 8 10 | 10.3

Action                   |  1- 3 |  4- 6 |  7- 9 | 10-12 | 13-15 | 16-18 | 19-21 || total
-------------------------+-------+-------+-------+-------+-------+-------+-------++-------
Melee: Spear             |   112 |   121 |   325 |   418 |  1826 |  2344 |       ||  5146
       Punch             |     1 |       |     5 |       |       |       |       ||     6
       Kick              |       |     1 |    94 |   125 |   776 |   376 |       ||  1372
       Lajatang          |       |       |       |       |       |    98 |   388 ||   486
Throw: Boomerang         |       |       |       |       |    18 |    68 |    90 ||   176
Invok: Depart the Abyss  |     1 |       |       |       |       |     2 |     1 ||     4
       Bend Space        |       |       |       |       |    11 |    24 |     1 ||    36
       Banish            |       |       |       |       |       |    13 |     1 ||    14
       Brand Weapon With |       |       |       |       |       |     1 |       ||     1
 Abil: Dig               |       |       |       |       |     2 |     7 |     1 ||    10
Evoke: Wand              |       |       |     1 |    15 |    53 |    34 |    12 ||   115
       Phial of floods   |       |       |       |       |     2 |     6 |     4 ||    12
       Condenser vane    |       |       |       |       |       |     1 |     4 ||     5
       Lightning rod     |       |       |       |       |       |       |     4 ||     4
       Tin of tremorston |       |       |       |       |       |       |     2 ||     2
  Use: Scroll            |     2 |    11 |     6 |     5 |    11 |     7 |     5 ||    47
       Potion            |       |     8 |     1 |     4 |     3 |    20 |     5 ||    41
 Stab: Paralysed         |       |       |       |       |    11 |       |       ||    11
       Distracted        |       |       |       |       |       |       |     1 ||     1
Armor: Plate armour      |    51 |    76 |   179 |   210 |   164 |       |       ||   680
       Crystal plate arm |       |       |       |       |   871 |  1694 |   143 ||  2708
       Skin              |       |       |       |       |       |    34 |       ||    34
Dodge: Dodged            |    23 |    32 |   117 |   189 |   710 |  1144 |   114 ||  2329
Block: Buckler           |       |       |    13 |    88 |   519 |   497 |       ||  1117
       Tower shield      |       |       |       |       |       |  1840 |   496 ||  2336
       Reflection        |       |       |       |       |       |       |    85 ||    85
